 Dungeon Crawl Stone Soup version 0.17.1-1-g73c8601 (webtiles) character file.

56 Kurtz the Insei (level 3, -4/29 HPs)
             Began as a Mummy Monk on Aug 6, 2018.
             Killed from afar by an orc wizard (7 damage)
             ... with a magic dart
             ... on level 1 of the Dungeon.
             The game lasted 00:02:34 (2797 turns).

Kurtz the Insei (Mummy Monk)                        Turns: 2797, Time: 00:02:35

Health: -4/29      AC:  1    Str: 14    XL:     3   Next: 69%
Magic:  3/3        EV: 13    Int:  9    God:
Gold:   164        SH:  0    Dex: 17    Spells: 0 memorised, 2 levels left

rFire  x . .     SeeInvis .       - Unarmed
rCold  + . .     Clarity  .     (no armour)
rNeg   + + +     SustAt   .     (no shield)
rPois  ∞         Gourm    .     (no helmet)
rElec  .         Spirit   .     c - +0 cloak
rCorr  .         Warding  .     (no gloves)
rMut   .         Rnd*Tele +     (no boots)
MR     .....                    (no amulet)
Stlth  ++........               h - ring of teleportation (curse)
                                i - +2 ring of dexterity

@: not resistant to hostile enchantments, unstealthy
A: no food or potions, fire vulnerability, cold resistance 1, negative energy
resistance 3, torment resistance, unbreathing
a: Evoke Teleportation


You were on level 1 of the Dungeon.
You were not hungry.

You visited 1 branch of the dungeon, and saw 3 of its levels.

You collected 164 gold pieces.

Inventory:

Armour
 c - a +0 cloak (worn)
Jewellery
 e - an uncursed ring of fire
 h - a cursed ring of teleportation (right hand)
 i - a +2 ring of dexterity (left hand)
Scrolls
 a - 2 scrolls of remove curse {unknown}
 b - a scroll of teleportation
 f - a scroll of fog {unknown}
 j - a scroll of fear {unknown}
 k - a scroll of enchant weapon {unknown}
 l - a scroll of identify {unknown}
Books
 g - a book of Envenomations

   Spells                             Type                      Level
   a - Spider Form                    Transmutation/Poison         3
   b - Alistair's Intoxication        Transmutation/Poison         4
   c - Olgreb's Toxic Radiance        Poison                       4
   d - Poisonous Cloud                Conjuration/Poison/Air       6
Comestibles
 d - a bread ration


   Skills:
 - Level 3.0 Fighting
 - Level 2.4 Dodging
 - Level 1.5 Stealth
 * Level 4.4 Unarmed Combat


You had 2 spell levels left.
You didn't know any spells.

Dungeon Overview and Level Annotations

Branches:
Dungeon (3/15)

Altars:
Ashenzari


Innate Abilities, Weirdness & Mutations

You do not eat or drink.
Your flesh is vulnerable to fire.
You are immune to poison.
Your flesh is cold resistant.
You are immune to negative energy.
You are immune to unholy pain and torment.
You can survive without breathing.


Message History

* * * LOW HITPOINT WARNING * * *
You see here a tomahawk.
Unknown command.
The hobgoblin closely misses you.
Unknown command.
The orc wizard mumbles some strange words.
The orc wizard seems to speed up.
Unknown command.
The orc priest invokes the aid of Beogh against you.
You are unaffected.
A rat comes into view.
The orc wizard hits you with a dagger.
* * * LOW HITPOINT WARNING * * *
The orc wizard hits you with a dagger.
* * * LOW HITPOINT WARNING * * *
Unknown command.
Unknown command.
The orc wizard gestures at you while chanting.
The magic dart hits you!
You die...

##'#######.# #........# ##.#...
.........#.# #####...#####....##
########.#.# ###...##....####
.......#.#.# #(.......##.#
##.###.#.#.# ##........##.#
.....#.#.#.### #...#####..#.#####
..<..#...#...###..## ##.#.##...
.....#.#.#.#......# ####.#.##.##
######.#.#.#####@#####.##.#.#..#
.......#.#.# #>.###....#...#.##
########.#.####o###..#.####...#
.........#.#...g....#.....##..#
##'#######.##..oo..........#..###
...........#....................#
#######.####.........r...........
##.#..###...!..(o.............
#.............................


You could see 2 orc wizards and a hobgoblin.

Vanquished Creatures
  An adder (D:2)
  3 worms (D:2)
  2 giant geckos
  5 bats
  A giant cockroach (D:1)
  8 goblins
  2 hobgoblins
  2 kobolds
  6 giant newts
  2 jackals (D:2)
  6 rats
38 creatures vanquished.

Notes
Turn   | Place    | Note
--------------------------------------------------------------
     0 | D:1      | Kurtz the Mummy Monk began the quest for the Orb.
     0 | D:1      | Reached XP level 1. HP: 18/18 MP: 1/1
   257 | D:2      | Found a shattered altar of Ashenzari.
   268 | D:2      | Reached XP level 2. HP: 24/24 MP: 2/2
   884 | D:2      | Reached skill level 4 in Unarmed Combat
  1101 | D:2      | Reached XP level 3. HP: 27/29 MP: 3/3
  2790 | D:1      | Noticed an orc warrior
  2797 | D:1      | Killed from afar by an orc wizard

Action                   || total
-------------------------++-------
Melee: Unarmed           ||   135
  Use: Scroll            ||     1
 Stab: Sleeping          ||     6
